 Dungeon Crawl Stone Soup version 0.24.0-1-gfbc8707122 (webtiles) character file.

Game seed: 17169498901943320448, levelgen mode: deterministic

63 Esekla the Sneak (level 3, -2/25 HPs)
             Began as a Vampire Enchanter on Oct 25, 2019.
             Slain by a wyvern (6 damage)
             ... on level 3 of the Dungeon.
             The game lasted 00:17:19 (1990 turns).

Esekla the Sneak (Vampire Enchanter)                Turns: 1990, Time: 00:17:20

Health: -2/25      AC:  4    Str:  8    XL:     3   Next: 87%
Magic:  6/6        EV: 13    Int: 17    God:
Gold:   102        SH:  0    Dex: 14    Spells: 0/6 levels left

rFire    . . .     SeeInvis +   a - +1 dagger
rCold    . . .     Gourm    .   (no shield)
rNeg     . . .     Faith    .   b - +0 robe
rPois    .         Spirit   .   (no helmet)
rElec    .         Reflect  .   (no cloak)
rCorr    .         Harm     .   j - +1 pair of gloves
MR       .....                  (no boots)
Stlth    +++.......             (no amulet)
HPRegen  0.28/turn              (no ring)
MPRegen  0.10/turn              (no ring)

@: regenerating quickly
A: no food, fangs 3, see invisible, unbreathing
a: Exsanguinate


You were on level 3 of the Dungeon.
You were alive.

You visited 1 branch of the dungeon, and saw 3 of its levels.

You collected 102 gold pieces.

Inventory:

Hand Weapons
 a - a +1 dagger (weapon)
Armour
 b - a +0 robe (worn)
 j - a +1 pair of gloves (worn)
Scrolls
 c - a scroll of immolation
 e - a scroll of fear {unknown}
 f - 2 scrolls of blinking {unknown}
 g - 2 scrolls of teleportation
Potions
 h - a potion of magic
 k - a potion of might {unknown}
 l - a potion of haste {unknown}
 m - a potion of cancellation {unknown}


   Skills:
 + Level 0.4 Fighting
 + Level 2.5 Short Blades
 + Level 2.6 Dodging
 - Level 5.1 Stealth
 * Level 2.2 Spellcasting
 * Level 0.1 Conjurations
 - Level 4.6 Hexes
 * Level 0.1 Translocations
 * Level 0.1 Air Magic
 * Level 0.2 Poison Magic


You couldn't memorise any spells.
You knew the following spells:

 Your Spells              Type           Power        Failure   Level  Hunger
a - Corona                Hex            ###....      2%          1    N/A
b - Blink                 Tloc           N/A          26%         2    N/A
c - Mephitic Cloud        Conj/Pois/Air  #.......     47%         3    N/A

Your spell library contained the following spells:

 Spells                   Type           Power        Failure   Level  Hunger
 Slow                     Hex            ###.....     4%          2    N/A
 Confuse                  Hex            ###.....     9%          3    N/A
 Tukima's Dance           Hex            ###.....     9%          3    N/A
 Ensorcelled Hibernation  Hex/Ice        #.....       11%         2    N/A
 Magic Dart               Conj           #...         19%         1    N/A
 Dazzling Spray           Conj/Hex       #.....       22%         3    N/A
 Call Imp                 Summ           #.......     28%         2    N/A
 Conjure Flame            Conj/Fire      #.......     50%         3    N/A

Dungeon Overview and Level Annotations

Branches:
Dungeon (3/15)

Altars:


Innate Abilities, Weirdness & Mutations

You do not eat.
Your natural rate of healing is unusually fast.
You have razor-sharp teeth.
You have supernaturally acute eyesight. (SInv)
You can survive without breathing.


Message History

You impale the wyvern!! You bite the wyvern, but do no damage.
The wyvern is severely wounded.
The wyvern bites you!
You hit the wyvern but do no damage.
The wyvern is severely wounded.
The wyvern barely misses you.
You hit the wyvern but do no damage.
The wyvern is severely wounded.
The wyvern barely misses you. x2
You hit the wyvern. You bite the wyvern, but do no damage.
The wyvern is severely wounded.
The wyvern bites you.
You hit the wyvern.
The wyvern is almost dead.
The wyvern bites you!
* * * LOW HITPOINT WARNING * * *
You hit the wyvern but do no damage. Your bite misses the wyvern.
The wyvern is almost dead.
The wyvern closely misses you. The wyvern bites you.
You die...

#.....##.# .# #.....##.#
.# ##...<...######.#
##.##.######...#.##
###...#.######......####
.....................(.+
###...#.#######.#...##
##.##.# #>.....# ##
####.# #.###.@# #.# #.l#
#.# #... #.# ##.>#
#######.# #.)# ........#
#..# ######### ...# ##.#


You could see a wyvern.

Vanquished Creatures
  An adder (D:2)
  An ooze (D:1)
  A worm (D:2)
  2 leopard geckos (D:1)
  A giant cockroach (D:1)
  2 goblins
  3 hobgoblins
  11 jackals
  A ball python (D:2)
  2 bats
  11 kobolds
  6 rats
  A plant (D:1)
43 creatures vanquished.

Notes
Turn   | Place    | Note
-------+----------+-------------------------------------------
     0 | D:1      | Esekla the Vampire Enchanter began the quest for the Orb.
     0 | D:1      | Reached XP level 1. HP: 13/13 MP: 3/3
   110 | D:1      | Reached XP level 2. HP: 10/19 MP: 5/5
   273 | D:1      | Reached skill level 5 in Stealth
   724 | D:1      | Reached XP level 3. HP: 24/24 MP: 6/6
  1474 | D:2      | Learned a level 2 spell: Blink
  1478 | D:2      | Learned a level 3 spell: Mephitic Cloud
  1936 | D:3      | Noticed a centaur
  1981 | D:3      | Noticed a wyvern
  1990 | D:3      | Slain by a wyvern

Levels and vault maps discovered:
D:1:      dpeg_arrival_rhombus, layout_rooms, lexackson_kobold_supper
D:2:      layout_loops_corners
D:3:      layout_loops_corners, grunt_ministairs_9, uniq_natasha

Skill      XL: |  1  2 |
---------------+-------+-----
Stealth        | 5 |  5.1
Short Blades   | 2 |  2.5
Fighting       | |  0.4
Dodging        | |  2.6
Spellcasting   | |  2.2
Conjurations   | |  0.1
Hexes          | |  4.6
Translocations | |  0.1
Air Magic      | |  0.1
Poison Magic   | |  0.2

Action                   || total
-------------------------++-------
Melee: Dagger            ||   296
       Bite              ||    32
 Cast: Corona            ||     2
  Use: Potion            ||     1
       Scroll            ||     4
 Stab: Sleeping          ||     6
Armor: Robe              ||    36
Dodge: Dodged            ||   150
